Login

Charlotte Checkers vs Wilkes-Barre/Scranton Penguins

Created - 24 March 2024 at 02:14

Goals
1 2 3 T
Charlotte Checkers 0 1 0 1
Wilkes-Barre/Scranton Penguins 0 0 2 2
Shots
1 2 3 T
Charlotte Checkers 1 14 8 23
Wilkes-Barre/Scranton Penguins 1 9 4 14

GoalsPenalties
1st period
No Goal
Ryan Shea (WBS) for Interference (Minor) at 19:44
2nd period
1. Charlotte Checkers , William Lockwood 4 (Aleksi Heponiemi 6, Austin Strand 4) at 0:40 (PP)
Jonah Gadjovich (CHA) for High sticking (Minor) at 11:43
3rd period
2. Wilkes-Barre/Scranton Penguins , Jonathan Gruden 3 (Dmitri Samorukov 5) at 2:18
3. Wilkes-Barre/Scranton Penguins , Alex Nylander 10 (Vinnie Hinostroza 10) at 17:57 (PP)
Austin Strand (CHA) for Tripping (Minor) at 17:56
Goalie Stats
Cayden Primeau (CHA), 12 saves from 14 shots - (0.857), L, 1-1-0, 59:01 minutes
Taylor Gauthier (WBS), 22 saves from 23 shots - (0.957), W, 1-0-1, 60:00 minutes
3 StarsOfficial
1 - Jonathan Gruden (WBS)
2 - Taylor Gauthier (WBS)
3 - Alex Nylander (WBS)
Referees : Justin Kea and Eric Furlatt
Linesman : Derek Nansen and Brandon Gawryletz
Game Note
Jansen Harkins is injured at 7:19 of 2nd period (Bruised Right Shoulder)
Finance
Level 1 -- Attendance: 1757 (87.85%) -- Ticket Income $61,495
Level 2 -- Attendance: 1000 (100.00%) -- Ticket Income $15,000
Total Attendance: 2757 (91.90%)
Total Ticket Income: $76,495
Other Income: $37,483
Total Income: $113,978



Team Name Goals Shots Shots Attemp Shots Blocked PIM HIT PP PK FO%
Charlotte Checkers 1234434401 / 1 (100%)148%
Wilkes-Barre/Scranton Penguins 2142062181 / 2 (50%)152%

Charlotte Checkers
Player Name POS G A P +/- PIM HIT SHT SB MP PP MP PP SHT PK MP PK SHT FO% FOT GA TA
Aleksi HeponiemiC011-1021019:040:1700:00060% 510
Alexander TrueC0000020013:590:0000:0000% 000
Austin StrandD0110261122:560:5601:1900% 012
Calle SjalinD0000000116:420:0000:0000% 001
Frederic AllardD000-1012020:210:0000:4100% 001
Jonah GadjovichLW000-1244020:470:3900:01025% 821
Joona LuotoLW000-1032020:100:3900:0000% 001
Joseph CramarossaC0000032016:320:1700:47033% 301
Justin SourdifC000000000:000:0000:0000% 000
Logan HutskoC0000021010:580:0000:000100% 221
Lucas CarlssonD000-1010020:360:0001:2000% 000
Matt KierstedD0000013122:420:5600:4000% 000
Patrick GilesLW000002009:030:0001:12050% 200
Riley BarberLW0000041015:010:0000:46050% 400
Rocco GrimaldiRW0000022015:250:0000:0000% 000
Santtu KinnunenD0000010016:420:0000:0000% 001
William LockwoodRW1010022015:510:1710:0000% 000
Zac DalpeC0000042021:090:3911:14057% 701
Wilkes-Barre/Scranton Penguins
Player Name POS G A P +/- PIM HIT SHT SB MP PP MP PP SHT PK MP PK SHT FO% FOT GA TA
Alex NylanderLW1010013020:301:2820:05050% 220
Corey AndonovskiRW0000021013:211:0710:0000% 200
Dmitri SamorukovD0111010326:040:5800:5600% 011
Filip HallanderC0001021118:050:3200:0000% 000
Jack RathboneD0001001120:470:5800:0000% 030
Jack St-IvanyD000000007:200:0000:0000% 000
Jansen HarkinsC000002009:070:0000:5100% 010
John LudvigD0000020015:200:0000:0000% 001
Jonathan GrudenC1011012017:490:3200:0000% 110
Lukas SvejkovskyRW000000109:550:0000:0000% 000
Marc JohnstoneRW0000010015:220:0000:0000% 001
Radim ZohornaLW0001012019:100:5300:00067% 311
Raivis AnsonsLW0000030019:570:0000:0000% 100
Ryan SheaD0000201018:031:0200:0000% 000
Valtteri PuustinenRW0000000012:320:0000:0500% 210
Vinnie HinostrozaC0110021121:221:2800:51063% 1901
Will ButcherD0000001019:411:0200:5600% 001
Xavier OuelletD0000000014:380:0000:000100% 100

Charlotte Checkers

5 vs 5 Forward
Line #Left WingCenterRight WingPHYDFOFWanted %Time %Time Play
1Jonah GadjovichAleksi HeponiemiJoona Luoto1223533%18:28
2William LockwoodZac DalpeJoseph Cramarossa1223528%15:46
3Rocco GrimaldiRiley BarberAlexander True1222025%13:59
4Patrick GilesLogan HutskoZac Dalpe1221014%7:39
5 vs 5 Defense
Line #DefenseDefensePHYDFOFWanted %Time %Time Play
1Austin StrandMatt Kiersted1223533%18:36
2Lucas CarlssonFrederic Allard1223534%18:51
3Santtu KinnunenCalle Sjalin1223030%16:42
4Austin StrandLucas Carlsson12203%1:43
Power Play Forward
Line #Left WingCenterRight WingPHYDFOFWanted %Time %Time Play
1Joona LuotoJonah GadjovichZac Dalpe1226070%0:39
2William LockwoodAleksi HeponiemiJoseph Cramarossa1224030%0:17
Power Play Defense
Line #DefenseDefensePHYDFOFWanted %Time %Time Play
1Austin StrandMatt Kiersted12260100%0:56
2Frederic AllardLucas Carlsson122400%0:00
Penalty Kill 4 Players Forward
Line #CenterWingPHYDFOFWanted %Time %Time Play
1Jonah GadjovichZac Dalpe12260100%2:00
2Joona LuotoRocco Grimaldi122400%0:00
Penalty Kill 4 Players Defense
Line #DefenseDefensePHYDFOFWanted %Time %Time Play
1Austin StrandLucas Carlsson1226067%1:20
2Matt KierstedFrederic Allard1224033%0:40
Penalty Kill 3 Players
Line #WingPHYDFOFWanted %Time %Time PlayDefenseDefensePHYDFOFWanted %Time %Time Play
1Jonah Gadjovich122600%0:00 Austin StrandLucas Carlsson122600%0:00
2Alexander True122400%0:00 Calle SjalinMatt Kiersted122400%0:00
4 vs 4 Forward
Line #CenterWingPHYDFOFWanted %Time %Time Play
1Joona LuotoAleksi Heponiemi122600%0:00
2Zac DalpeRiley Barber122400%0:00
4 vs 4 Defense
Line #DefensePHYDFOFWanted %Time %Time Play
1Matt KierstedAustin Strand122600%0:00
2Santtu KinnunenCalle Sjalin122400%0:00
Last Minutes Offensive
Left WingCenterRight WingDefenseDefense
Joona LuotoJonah GadjovichZac DalpeAustin StrandLucas Carlsson
Last Minutes Defensive
Left WingCenterRight WingDefenseDefense
Joona LuotoJonah GadjovichZac DalpeAustin StrandMatt Kiersted
Time
Total ForwardTotal DefenseLast Minutes OffensiveLast Minutes Defensive
60:00 60:00 1:120:00
Extra Forwards
Normal PowerPlayPenalty Kill
Logan Hutsko, Jonah Gadjovich, Zac DalpeJoona Luoto, Aleksi HeponiemiPatrick Giles
Extra Defensemen
Normal PowerPlayPenalty Kill
Santtu Kinnunen, Austin Strand, Lucas CarlssonMatt Kiersted, Frederic AllardAustin Strand
Penalty Shots
Logan Hutsko, Jonah Gadjovich, Zac Dalpe, Joona Luoto, Aleksi Heponiemi
Goalie
Cayden Primeau, Spencer Knight
Custom OT Lines Forwards
Patrick Giles, Logan Hutsko, Jonah Gadjovich, Zac Dalpe, Joona Luoto, William Lockwood, Aleksi Heponiemi, Joseph Cramarossa, Riley Barber, Rocco Grimaldi
Custom OT Lines Defensemen
Santtu Kinnunen, Austin Strand, Lucas Carlsson, Matt Kiersted, Frederic Allard
Scratches
Josh Davies (Healthy), Casey Fitzgerald (Broken Bone (Right Ankle) Injury), Ryan McAllister (Healthy), Mackie Samoskevich (Healthy), Zach Uens (Healthy) Mack Guzda (Healthy)

Wilkes-Barre/Scranton Penguins

5 vs 5 Forward
Line #Left WingCenterRight WingPHYDFOFWanted %Time %Time Play
1Jansen HarkinsVinnie HinostrozaAlex Nylander1224035%19:44
2Filip HallanderRadim ZohornaJonathan Gruden1223031%17:18
3Raivis AnsonsValtteri PuustinenMarc Johnstone1222018%10:15
4Lukas SvejkovskyCorey AndonovskiRaivis Ansons1221017%9:23
5 vs 5 Defense
Line #DefenseDefensePHYDFOFWanted %Time %Time Play
1Dmitri SamorukovJack Rathbone1224034%19:25
2Will ButcherRyan Shea1223030%17:02
3John LudvigXavier Ouellet1222025%14:04
4Jack St-IvanyDmitri Samorukov1221011%6:09
Power Play Forward
Line #Left WingCenterRight WingPHYDFOFWanted %Time %Time Play
1Alex NylanderVinnie HinostrozaJansen Harkins1226073%1:28
2Filip HallanderRadim ZohornaJonathan Gruden1224027%0:32
Power Play Defense
Line #DefenseDefensePHYDFOFWanted %Time %Time Play
1Dmitri SamorukovJack Rathbone1226048%0:58
2Ryan SheaWill Butcher1224052%1:02
Penalty Kill 4 Players Forward
Line #CenterWingPHYDFOFWanted %Time %Time Play
1Vinnie HinostrozaJansen Harkins1226091%0:51
2Alex NylanderValtteri Puustinen122409%0:05
Penalty Kill 4 Players Defense
Line #DefenseDefensePHYDFOFWanted %Time %Time Play
1Dmitri SamorukovWill Butcher12260100%0:56
2John LudvigJack Rathbone122400%0:00
Penalty Kill 3 Players
Line #WingPHYDFOFWanted %Time %Time PlayDefenseDefensePHYDFOFWanted %Time %Time Play
1Jansen Harkins122600%0:00 Jack RathboneDmitri Samorukov122600%0:00
2Corey Andonovski122400%0:00 Jack St-IvanyJohn Ludvig122400%0:00
4 vs 4 Forward
Line #CenterWingPHYDFOFWanted %Time %Time Play
1Alex NylanderRaivis Ansons122600%0:00
2Vinnie HinostrozaMarc Johnstone122400%0:00
4 vs 4 Defense
Line #DefensePHYDFOFWanted %Time %Time Play
1Jack RathboneDmitri Samorukov122600%0:00
2Xavier OuelletRyan Shea122400%0:00
Last Minutes Offensive
Left WingCenterRight WingDefenseDefense
Alex NylanderVinnie HinostrozaJansen HarkinsDmitri SamorukovJack Rathbone
Last Minutes Defensive
Left WingCenterRight WingDefenseDefense
Alex NylanderVinnie HinostrozaJansen HarkinsDmitri SamorukovJack Rathbone
Time
Total ForwardTotal DefenseLast Minutes OffensiveLast Minutes Defensive
60:00 60:00 0:000:24
Extra Forwards
Normal PowerPlayPenalty Kill
Raivis Ansons, Jansen Harkins, Vinnie HinostrozaAlex Nylander, Radim ZohornaLukas Svejkovsky
Extra Defensemen
Normal PowerPlayPenalty Kill
Xavier Ouellet, Jack St-Ivany, Dmitri SamorukovJack Rathbone, Ryan SheaDmitri Samorukov
Penalty Shots
Raivis Ansons, Jansen Harkins, Vinnie Hinostroza, Alex Nylander, Radim Zohorna
Goalie
Taylor Gauthier, Magnus Hellberg
Custom OT Lines Forwards
Raivis Ansons, Vinnie Hinostroza, Alex Nylander, Jansen Harkins, Radim Zohorna, Filip Hallander, Jonathan Gruden, Valtteri Puustinen, Marc Johnstone, Lukas Svejkovsky
Custom OT Lines Defensemen
Xavier Ouellet, Jack St-Ivany, Dmitri Samorukov, Jack Rathbone, Ryan Shea
Scratches
Jordan Frasca (Healthy), Joel Blomqvist (Healthy), Filip Lindberg (Healthy)


Play-by-Play

1st period


0:01 of 1st period - Vinnie Hinostroza wins face-off versus Aleksi Heponiemi in neutral zone.
0:26 of 1st period - Joona Luoto is hit by Raivis Ansons and loses puck.
0:52 of 1st period - Ryan Shea is hit by William Lockwood.
1:40 of 1st period - Backhand shot by Lukas Svejkovsky.
1:40 of 1st period - Stopped by Cayden Primeau with a rebound.
3:20 of 1st period - Icing by Calle Sjalin.
3:21 of 1st period - Radim Zohorna wins face-off versus Aleksi Heponiemi in Charlotte Checkers zone.
5:43 of 1st period - Will Butcher is hit by Austin Strand and loses puck.
6:10 of 1st period - Jack Rathbone is hit by Jonah Gadjovich and loses puck.
6:51 of 1st period - Filip Hallander is hit by Austin Strand and loses puck.
7:26 of 1st period - Wrist shot by Valtteri Puustinen.
7:26 of 1st period - Shot Blocked by Austin Strand.
8:10 of 1st period - Jansen Harkins is hit by Alexander True and loses puck.
8:27 of 1st period - Zac Dalpe is hit by Marc Johnstone and loses puck.
8:38 of 1st period - Dmitri Samorukov is hit by Lucas Carlsson and loses puck.
8:53 of 1st period - Frederic Allard is hit by Raivis Ansons and loses puck.
9:12 of 1st period - Slapshot by Rocco Grimaldi.
9:12 of 1st period - Stopped by Taylor Gauthier with a rebound.
9:34 of 1st period - Jansen Harkins is hit by Joseph Cramarossa and loses puck.
10:02 of 1st period - Rocco Grimaldi is hit by Filip Hallander and loses puck.
11:15 of 1st period - Jonathan Gruden is hit by Logan Hutsko and loses puck.
12:27 of 1st period - Icing by Radim Zohorna.
12:28 of 1st period - Logan Hutsko wins face-off versus Jonathan Gruden in Wilkes-Barre/Scranton Penguins zone.
12:29 of 1st period - Wrist shot by Zac Dalpe.
12:29 of 1st period - Shot Misses the Net.
13:10 of 1st period - Snap shot by Riley Barber.
13:10 of 1st period - Shot Blocked by Filip Hallander.
14:25 of 1st period - Joseph Cramarossa is hit by John Ludvig and loses puck.
14:59 of 1st period - Wrist shot by Riley Barber.
14:59 of 1st period - Shot Misses the Net.
15:35 of 1st period - Joseph Cramarossa is hit by Jansen Harkins and loses puck.
17:56 of 1st period - Icing by Lucas Carlsson.
17:57 of 1st period - Logan Hutsko wins face-off versus Vinnie Hinostroza in Charlotte Checkers zone.
17:57 of 1st period - Logan Hutsko is hit by Jansen Harkins.
18:56 of 1st period - Patrick Giles is hit by Dmitri Samorukov and loses puck.
19:11 of 1st period - Raivis Ansons is hit by Jonah Gadjovich and loses puck.
19:35 of 1st period - Icing by Radim Zohorna.
19:36 of 1st period - Zac Dalpe wins face-off versus Radim Zohorna in Wilkes-Barre/Scranton Penguins zone.
19:44 of 1st period - Minor Penalty to Ryan Shea for Interference.
19:45 of 1st period - Vinnie Hinostroza wins face-off versus Jonah Gadjovich in Wilkes-Barre/Scranton Penguins zone.
Goals for this period are 0 for Charlotte Checkers vs 0 for Wilkes-Barre/Scranton Penguins.
Shots for this period are 1 for Charlotte Checkers vs 1 for Wilkes-Barre/Scranton Penguins.

2nd period


0:01 of 2nd period - Jonah Gadjovich wins face-off versus Vinnie Hinostroza in neutral zone.
0:03 of 2nd period - Off-side.
0:04 of 2nd period - Jonah Gadjovich wins face-off versus Vinnie Hinostroza in neutral zone.
0:07 of 2nd period - Jansen Harkins is hit by Austin Strand and loses puck.
0:18 of 2nd period - Snap shot by Zac Dalpe.
0:18 of 2nd period - Stopped by Taylor Gauthier with a rebound.
0:20 of 2nd period - Slapshot by Matt Kiersted.
0:20 of 2nd period - Shot Blocked by Dmitri Samorukov.
0:40 of 2nd period - Wrist shot by William Lockwood.
0:40 of 2nd period - Goal by William Lockwood - Charlotte Checkers : 1 - Wilkes-Barre/Scranton Penguins : 0.
0:41 of 2nd period - Zac Dalpe wins face-off versus Vinnie Hinostroza in neutral zone.
0:44 of 2nd period - Slapshot by Matt Kiersted.
0:44 of 2nd period - Stopped by Taylor Gauthier with a rebound.
0:46 of 2nd period - Snap shot by Joseph Cramarossa.
0:46 of 2nd period - Stopped by Taylor Gauthier with a rebound.
0:48 of 2nd period - Slapshot by Matt Kiersted.
0:48 of 2nd period - Shot Misses the Net.
0:50 of 2nd period - Slapshot by Zac Dalpe.
0:50 of 2nd period - Deflect By Joseph Cramarossa.
0:50 of 2nd period - Stopped by Taylor Gauthier with a rebound.
0:52 of 2nd period - Wrist shot by Matt Kiersted.
0:52 of 2nd period - Stopped by Taylor Gauthier with a rebound.
0:54 of 2nd period - Backhand shot by Joseph Cramarossa.
0:54 of 2nd period - Shot Misses the Net.
0:56 of 2nd period - Backhand shot by Joseph Cramarossa.
0:56 of 2nd period - Shot Blocked by Jack Rathbone.
1:06 of 2nd period - Marc Johnstone is hit by Joona Luoto and loses puck.
1:25 of 2nd period - Snap shot by Rocco Grimaldi.
1:25 of 2nd period - Shot Blocked by Dmitri Samorukov.
1:27 of 2nd period - Snap shot by Riley Barber.
1:27 of 2nd period - Shot Misses the Net.
1:49 of 2nd period - Snap shot by Jonathan Gruden.
1:49 of 2nd period - Stopped by Cayden Primeau with a rebound.
1:55 of 2nd period - Jonathan Gruden is hit by Logan Hutsko and loses puck.
2:10 of 2nd period - Slapshot by Jonah Gadjovich.
2:10 of 2nd period - Shot Misses the Net.
2:12 of 2nd period - Slapshot by Austin Strand.
2:12 of 2nd period - Stopped by Taylor Gauthier without a rebound.
2:13 of 2nd period - Aleksi Heponiemi wins face-off versus Vinnie Hinostroza in Wilkes-Barre/Scranton Penguins zone.
2:44 of 2nd period - Slapshot by Will Butcher.
2:44 of 2nd period - Stopped by Cayden Primeau with a rebound.
3:52 of 2nd period - Slapshot by Jonathan Gruden.
3:52 of 2nd period - Shot Misses the Net.
3:58 of 2nd period - Filip Hallander is hit by William Lockwood and loses puck.
4:09 of 2nd period - Slapshot by Jonah Gadjovich.
4:09 of 2nd period - Shot Misses the Net.
4:27 of 2nd period - Corey Andonovski is hit by Rocco Grimaldi and loses puck.
5:53 of 2nd period - Ryan Shea is hit by Patrick Giles and loses puck.
6:20 of 2nd period - Snap shot by Aleksi Heponiemi.
6:20 of 2nd period - Shot Misses the Net.
6:38 of 2nd period - Slapshot by Rocco Grimaldi.
6:38 of 2nd period - Stopped by Taylor Gauthier without a rebound.
6:39 of 2nd period - Riley Barber wins face-off versus Corey Andonovski in Wilkes-Barre/Scranton Penguins zone.
6:40 of 2nd period - Snap shot by Rocco Grimaldi.
6:40 of 2nd period - Shot Blocked by Dmitri Samorukov.
6:42 of 2nd period - Wrist shot by Riley Barber.
6:42 of 2nd period - Shot Misses the Net.
7:07 of 2nd period - Radim Zohorna is hit by Joona Luoto and loses puck.
7:18 of 2nd period - Jansen Harkins is hit by Zac Dalpe and loses puck.
7:19 of 2nd period - Jansen Harkins from Wilkes-Barre/Scranton Penguins is injured at 7:19 of 2nd period (Bruised Right Shoulder).
7:20 of 2nd period - Joseph Cramarossa wins face-off versus Vinnie Hinostroza in Wilkes-Barre/Scranton Penguins zone.
7:55 of 2nd period - Icing by Aleksi Heponiemi.
7:56 of 2nd period - Vinnie Hinostroza wins face-off versus Jonah Gadjovich in Charlotte Checkers zone.
7:59 of 2nd period - Wrist shot by Alex Nylander.
7:59 of 2nd period - Shot Blocked by Matt Kiersted.
8:05 of 2nd period - Alex Nylander is hit by Austin Strand.
8:33 of 2nd period - Radim Zohorna is hit by Joona Luoto and loses puck.
8:46 of 2nd period - Radim Zohorna is hit by Jonah Gadjovich and loses puck.
9:09 of 2nd period - Snap shot by Jonathan Gruden.
9:09 of 2nd period - Shot Misses the Net.
9:11 of 2nd period - Snap shot by Radim Zohorna.
9:11 of 2nd period - Stopped by Cayden Primeau without a rebound.
9:12 of 2nd period - Zac Dalpe wins face-off versus Vinnie Hinostroza in Charlotte Checkers zone.
9:12 of 2nd period - Zac Dalpe is hit by Alex Nylander.
9:28 of 2nd period - Snap shot by Alex Nylander.
9:28 of 2nd period - Stopped by Cayden Primeau without a rebound.
9:29 of 2nd period - Vinnie Hinostroza wins face-off versus Riley Barber in Charlotte Checkers zone.
9:56 of 2nd period - William Lockwood is hit by Raivis Ansons.
10:10 of 2nd period - Radim Zohorna is hit by Patrick Giles and loses puck.
10:35 of 2nd period - Valtteri Puustinen is hit by Zac Dalpe.
11:18 of 2nd period - Slapshot by Matt Kiersted.
11:18 of 2nd period - Shot Misses the Net.
11:43 of 2nd period - Minor Penalty to Jonah Gadjovich for High sticking.
11:44 of 2nd period - Vinnie Hinostroza wins face-off versus Patrick Giles in Charlotte Checkers zone.
11:56 of 2nd period - Slapshot by Alex Nylander.
11:56 of 2nd period - Stopped by Cayden Primeau with a rebound.
11:58 of 2nd period - Snap shot by Corey Andonovski.
11:58 of 2nd period - Stopped by Cayden Primeau without a rebound.
11:59 of 2nd period - Patrick Giles wins face-off versus Alex Nylander in Charlotte Checkers zone.
11:59 of 2nd period - Patrick Giles is hit by Vinnie Hinostroza.
12:54 of 2nd period - Patrick Giles is hit by Vinnie Hinostroza and loses puck.
13:20 of 2nd period - Icing by Vinnie Hinostroza.
13:21 of 2nd period - Vinnie Hinostroza wins face-off versus Joseph Cramarossa in Wilkes-Barre/Scranton Penguins zone.
13:30 of 2nd period - Jack Rathbone is hit by Matt Kiersted and loses puck.
13:43 of 2nd period - Penalty to Jonah Gadjovich is over, Jonah Gadjovich is back on ice.
13:43 of 2nd period - Wrist shot by Jonathan Gruden.
13:43 of 2nd period - Deflect By Filip Hallander.
13:43 of 2nd period - Stopped by Cayden Primeau with a rebound.
13:45 of 2nd period - Wrist shot by Ryan Shea.
13:45 of 2nd period - Stopped by Cayden Primeau with a rebound.
13:47 of 2nd period - Wrist shot by Radim Zohorna.
13:47 of 2nd period - Stopped by Cayden Primeau with a rebound.
13:57 of 2nd period - Snap shot by Valtteri Puustinen.
13:57 of 2nd period - Shot Misses the Net.
14:00 of 2nd period - Icing by Frederic Allard.
14:01 of 2nd period - Aleksi Heponiemi wins face-off versus Valtteri Puustinen in Charlotte Checkers zone.
14:28 of 2nd period - Wrist shot by Jonah Gadjovich.
14:28 of 2nd period - Stopped by Taylor Gauthier with a rebound.
14:30 of 2nd period - Slapshot by Aleksi Heponiemi.
14:30 of 2nd period - Stopped by Taylor Gauthier with a rebound.
14:44 of 2nd period - Wrist shot by Jonah Gadjovich.
14:44 of 2nd period - Stopped by Taylor Gauthier with a rebound.
15:18 of 2nd period - Snap shot by Aleksi Heponiemi.
15:18 of 2nd period - Shot Hit the Post.
15:20 of 2nd period - Slapshot by Frederic Allard.
15:20 of 2nd period - Stopped by Taylor Gauthier with a rebound.
15:22 of 2nd period - Snap shot by Jonah Gadjovich.
15:22 of 2nd period - Stopped by Taylor Gauthier with a rebound.
15:24 of 2nd period - Wrist shot by Joona Luoto.
15:24 of 2nd period - Stopped by Taylor Gauthier without a rebound.
15:25 of 2nd period - Vinnie Hinostroza wins face-off versus Zac Dalpe in Wilkes-Barre/Scranton Penguins zone.
16:15 of 2nd period - Jack Rathbone is hit by Austin Strand and loses puck.
19:55 of 2nd period - Lucas Carlsson is hit by Radim Zohorna and loses puck.
Goals for this period are 1 for Charlotte Checkers vs 0 for Wilkes-Barre/Scranton Penguins.
Shots for this period are 14 for Charlotte Checkers vs 9 for Wilkes-Barre/Scranton Penguins.

3rd period


0:01 of 3rd period - Vinnie Hinostroza wins face-off versus Zac Dalpe in neutral zone.
0:16 of 3rd period - Wrist shot by William Lockwood.
0:16 of 3rd period - Stopped by Taylor Gauthier with a rebound.
0:26 of 3rd period - Jack Rathbone is hit by Austin Strand and loses puck.
1:05 of 3rd period - Snap shot by Frederic Allard.
1:05 of 3rd period - Deflect By Alex Nylander.
1:05 of 3rd period - Stopped by Taylor Gauthier without a rebound.
1:06 of 3rd period - Vinnie Hinostroza wins face-off versus Riley Barber in Wilkes-Barre/Scranton Penguins zone.
1:11 of 3rd period - Radim Zohorna is hit by Riley Barber and loses puck.
1:37 of 3rd period - Raivis Ansons is hit by Joseph Cramarossa and loses puck.
2:18 of 3rd period - Wrist shot by Jonathan Gruden.
2:18 of 3rd period - Goal by Jonathan Gruden - Charlotte Checkers : 1 - Wilkes-Barre/Scranton Penguins : 1.
2:19 of 3rd period - Zac Dalpe wins face-off versus Raivis Ansons in neutral zone.
3:34 of 3rd period - Lukas Svejkovsky is hit by Riley Barber and loses puck.
4:13 of 3rd period - Alex Nylander is hit by Zac Dalpe and loses puck.
6:05 of 3rd period - Off-side.
6:06 of 3rd period - Riley Barber wins face-off versus Corey Andonovski in neutral zone.
6:51 of 3rd period - Snap shot by Matt Kiersted.
6:51 of 3rd period - Stopped by Taylor Gauthier with a rebound.
7:33 of 3rd period - Xavier Ouellet is hit by Santtu Kinnunen and loses puck.
7:52 of 3rd period - Austin Strand is hit by Corey Andonovski and loses puck.
8:03 of 3rd period - Radim Zohorna is hit by Aleksi Heponiemi and loses puck.
8:14 of 3rd period - Will Butcher is hit by Frederic Allard and loses puck.
8:37 of 3rd period - Joona Luoto is hit by Filip Hallander and loses puck.
10:09 of 3rd period - Ryan Shea is hit by Zac Dalpe and loses puck.
11:08 of 3rd period - Dmitri Samorukov is hit by Rocco Grimaldi and loses puck.
11:25 of 3rd period - Valtteri Puustinen is hit by Riley Barber.
11:41 of 3rd period - Joseph Cramarossa is hit by Corey Andonovski and loses puck.
12:40 of 3rd period - Slapshot by Logan Hutsko.
12:40 of 3rd period - Stopped by Taylor Gauthier with a rebound.
12:54 of 3rd period - Jonathan Gruden is hit by Riley Barber and loses puck.
13:38 of 3rd period - Lucas Carlsson is hit by John Ludvig and loses puck.
13:59 of 3rd period - Icing by Dmitri Samorukov.
14:00 of 3rd period - Xavier Ouellet wins face-off versus Joseph Cramarossa in Wilkes-Barre/Scranton Penguins zone.
14:00 of 3rd period - Xavier Ouellet is hit by Joseph Cramarossa.
14:14 of 3rd period - Joseph Cramarossa is hit by Jonathan Gruden and loses puck.
14:31 of 3rd period - Slapshot by Will Butcher.
14:31 of 3rd period - Shot Blocked by Calle Sjalin.
15:23 of 3rd period - Snap shot by Austin Strand.
15:23 of 3rd period - Deflect By Riley Barber.
15:23 of 3rd period - Stopped by Taylor Gauthier with a rebound.
15:25 of 3rd period - Snap shot by Rocco Grimaldi.
15:25 of 3rd period - Shot Misses the Net.
15:27 of 3rd period - Snap shot by Austin Strand.
15:27 of 3rd period - Shot Misses the Net.
15:29 of 3rd period - Slapshot by Riley Barber.
15:29 of 3rd period - Shot Misses the Net.
15:31 of 3rd period - Wrist shot by Austin Strand.
15:31 of 3rd period - Shot Blocked by Vinnie Hinostroza.
15:43 of 3rd period - Will Butcher is hit by Aleksi Heponiemi and loses puck.
16:36 of 3rd period - Ryan Shea is hit by Alexander True and loses puck.
17:30 of 3rd period - Radim Zohorna is hit by Jonah Gadjovich and loses puck.
17:56 of 3rd period - Minor Penalty to Austin Strand for Tripping.
17:57 of 3rd period - Vinnie Hinostroza wins face-off versus Jonah Gadjovich in Charlotte Checkers zone.
17:57 of 3rd period - Wrist shot by Alex Nylander.
17:57 of 3rd period - Goal by Alex Nylander - Charlotte Checkers : 1 - Wilkes-Barre/Scranton Penguins : 2.
17:58 of 3rd period - Aleksi Heponiemi wins face-off versus Valtteri Puustinen in neutral zone.
18:39 of 3rd period - Icing by Radim Zohorna.
18:40 of 3rd period - Radim Zohorna wins face-off versus Zac Dalpe in Wilkes-Barre/Scranton Penguins zone.
18:47 of 3rd period - Wrist shot by Vinnie Hinostroza.
18:47 of 3rd period - Stopped by Cayden Primeau without a rebound.
18:48 of 3rd period - Paul Maurice call a timeout for Charlotte Checkers.
18:48 of 3rd period - Vinnie Hinostroza wins face-off versus Jonah Gadjovich in Charlotte Checkers zone.
18:49 of 3rd period - Slapshot by Jack Rathbone.
18:49 of 3rd period - Stopped by Cayden Primeau with a rebound.
19:01 of 3rd period - Charlotte Checkers, Cayden Primeau is pulled from the net.
19:03 of 3rd period - Snap shot by Joona Luoto.
19:03 of 3rd period - Stopped by Taylor Gauthier with a rebound.
19:05 of 3rd period - Snap shot by Zac Dalpe.
19:05 of 3rd period - Stopped by Taylor Gauthier with a rebound.
19:33 of 3rd period - Wrist shot by Jonah Gadjovich.
19:33 of 3rd period - Stopped by Taylor Gauthier with a rebound.
19:35 of 3rd period - Slapshot by Austin Strand.
19:35 of 3rd period - Deflect By Zac Dalpe.
19:35 of 3rd period - Shot Misses the Net.
19:35 of 3rd period - Puck is out of play.
19:36 of 3rd period - Alex Nylander wins face-off versus Jonah Gadjovich in Wilkes-Barre/Scranton Penguins zone.
19:40 of 3rd period - Icing by Dmitri Samorukov.
19:41 of 3rd period - Vinnie Hinostroza wins face-off versus Jonah Gadjovich in Wilkes-Barre/Scranton Penguins zone.
Goals for this period are 0 for Charlotte Checkers vs 2 for Wilkes-Barre/Scranton Penguins.
Shots for this period are 8 for Charlotte Checkers vs 4 for Wilkes-Barre/Scranton Penguins.